 Dungeon Crawl Stone Soup version 0.30-a0-782-ge64f9170bb (webtiles) character file.

Game seed: 14083598722808636749

25 MackTheKnife the Changer (level 3, -1/26 HPs)
             Began as a Meteoran Wanderer on Feb 20, 2023.
             Slain by an adder (4 damage)
             ... on level 2 of the Dungeon.
             The game lasted 00:02:21 (595 turns).

MackTheKnife the Changer (Meteoran Wanderer)         Turns: 595, Time: 00:02:22

Health: -1/26      AC:  2    Str: 11    XL:     3   Next: 35%
Magic:  3/8        EV: 11    Int: 19    God:
Gold:   75         SH:  0    Dex: 12    Spells: 6/7 levels left

rFire   . . .      SeeInvis .    h - +1 dagger (venom) {short}
rCold   . . .      Faith    .    (no shield)
rNeg    . . .      Spirit   .    d - +0 robe
rPois   .          Reflect  .    (no helmet)
rElec   .          Harm     .    (no cloak)
rCorr   .          Rampage  .    (no gloves)
Will    .....                    (no boots)
Stlth   +                        (no amulet)
HPRegen 0.24/turn                (no ring)
MPRegen 0.11/turn                (no ring)

@: very slightly contaminated, glowing
A: sense surroundings 1, otherworldly, glowing, explore regen
a: no special abilities


You were on level 2 of the Dungeon.
You visited 1 branch of the dungeon, and saw 2 of its levels.

You collected 75 gold pieces.


Innate Abilities, Weirdness & Mutations

You passively map a small area around you.
You are easily found by Zot.
You glow in the dark.
You regain HP and MP as you explore.


   Skills:
 - Level 3.6 Throwing
 + Level 2.6 Spellcasting
 + Level 0.7 Conjurations
 - Level 6.0 Transmutations
 - Level 2.3 Air Magic


You had 6 spell levels left.
You knew the following spells:

 Your Spells              Type           Power      Damage    Failure   Level
a - Shock                 Conj/Air       32%        1d5       9%          1

Your spell library contained the following spells:

 Spells                   Type           Power      Damage    Failure   Level
 Sting                    Tmut/Pois      56%        1d5       4%          1
 Spider Form              Tmut/Pois      14%        N/A       14%         3
 Ignite Poison            Fire/Tmut/Pois 10%        N/A       21%         3
 Mephitic Cloud           Conj/Pois/Air  6%         N/A       30%         3
 Blade Hands              Tmut           12%        N/A       36%         5
 Animate Armour           Summ/Erth      4%         N/A       83%         4
 Iskenderun's Battlesphe  Conj           5%         2d6       97%         5
 Fireball                 Conj/Fire      1%         3d3       98%         5
 Conjure Ball Lightning   Conj/Air       4%         3x3d6     100%        6
 Iron Shot                Conj/Erth      1%         9d1       100%        6
 Orb of Destruction       Conj           2%         9d5       100%        7

Inventory:

Hand Weapons
 h - a +1 dagger of venom (weapon) {short}
   (You took it off a goblin on level 1 of the Dungeon)
Missiles
 b - 11 poisoned darts {throwing}
Armour
 d - a +0 robe (worn)
Scrolls
 c - a scroll of blinking {!r}
 e - a scroll of identify {unknown}
 f - a scroll of teleportation {unknown}
Potions
 g - a potion of resistance {unknown}

Dungeon Overview and Level Annotations

Branches:
Dungeon (2/15) Zot: 605

Altars:

* * , #. * , ,,
.. >, , * **.#,#
, ** , *##
,###.#. * *...*
#.... , #.# #..#
,#,. #
#..###..##.#.. ,
l.*#...@SS.......
*
#.#...##ll......,
*
##...(.##.....##.
, .......†l.....#
**,
..............# ,
, ,
.......##........
, *, ######.
......... , #.
..#...#..
#.*.......<.


You could see an adder (very poisoned), a ball python and 2 frilled lizards.


Message History

The hobgoblin hits you.
There is a stone staircase leading up here. 😕 HP[-4]
You take 4 damage, and now have 22/26 hp.
Casting: Shock (safe; 9% risk of failure)
Confirm with . or Enter, or press ? or * to list all spells.
Aiming: Shock (safe; 9% risk of failure)
Press: ? - help, Shift-Dir - straight line, f - ball python, p - hobgoblin
Aim: a ball python (64% to hit)
The zap hits the hobgoblin.
The zap hits the adder.
The zap misses the ball python.
The hobgoblin hits you. 😮 HP[-3] MP[-1]
You take 3 damage, and now have 19/26 hp.
You lost 1 mp, and now have 5/7 mp.
Casting: Shock (safe; 9% risk of failure)
Confirm with . or Enter, or press ? or * to list all spells.
Aiming: Shock (safe; 9% risk of failure)
Press: ? - help, Shift-Dir - straight line, f/p - ball python
Aim: a ball python (64% to hit)
The zap hits the hobgoblin.
You kill the hobgoblin!
The zap misses the adder.
The zap hits the ball python.
The zap misses the frilled lizard. 😮 MP[-1]
Casting: Shock (safe; 9% risk of failure)
Confirm with . or Enter, or press ? or * to list all spells.
Aiming: Shock (safe; 9% risk of failure)
Press: ? - help, Shift-Dir - straight line, f/p - ball python
Aim: a ball python (moderately wounded, 64% to hit)
The zap hits the adder.
The zap misses the ball python.
The adder bites you.
You are poisoned.
The adder poisons you! 😮 HP[-3] MP[-1]
You take 3 damage, and now have 16/26 hp.
You lost 1 mp, and now have 3/8 mp.
Casting: Shock (safe; 9% risk of failure)
Confirm with . or Enter, or press ? or * to list all spells.
Aiming: Shock (safe; 9% risk of failure)
Press: ? - help, Shift-Dir - straight line, f/p - ball python
Aim: a ball python (moderately wounded, 64% to hit)
You miscast Shock.
You are very lightly contaminated with residual magic.
Nothing appears to happen.
You feel sick. The adder bites you.
* * * LOW HITPOINT WARNING * * *
The adder misses you. 😨 HP[-4] MP[-1]
You take 4 damage, and now have 12/26 hp.
You lost 1 mp, and now have 2/8 mp.
Casting: Shock (safe; 9% risk of failure)
Confirm with . or Enter, or press ? or * to list all spells.
Aiming: Shock (safe; 9% risk of failure)
Press: ? - help, Shift-Dir - straight line, f/p - ball python
Aim: a ball python (moderately wounded, 64% to hit)
That beam is likely to hit you.
Continue anyway?
Okay, then.
Unknown command.
The adder attacks as you move away! The adder bites you.
* * * LOW HITPOINT WARNING * * *
You feel sick. 😨 HP[-3] MP[+2]
You take 3 damage, and now have 9/26 hp.
You regained 2 mp, and now have 4/8 mp.
The ball python attacks as you move away!
The ball python closely misses you.
You feel sick. 😨 HP[-1]
You take 1 damage, and now have 8/26 hp.
You feel sick. 😨 MP[+1]
You feel sick. 😨 HP[+1]
Casting: Shock (safe; 9% risk of failure)
Confirm with . or Enter, or press ? or * to list all spells.
Aiming: Shock (safe; 9% risk of failure)
Press: ? - help, Shift-Dir - straight line, f - adder
Aim: an adder (moderately wounded, 48% to hit)
The zap hits the adder.
You feel sick. The adder bites you.
* * * LOW HITPOINT WARNING * * *
😨 HP[-2] MP[-1]
You take 2 damage, and now have 7/26 hp.
You lost 1 mp, and now have 4/8 mp.
Casting: Shock (safe; 9% risk of failure)
Confirm with . or Enter, or press ? or * to list all spells.
Aiming: Shock (safe; 9% risk of failure)
Press: ? - help, Shift-Dir - straight line, f/p - adder
Aim: an adder (moderately wounded, 48% to hit)
You miscast Shock.
Nothing appears to happen.
You feel sick.
You are no longer poisoned.
The adder bites you.
* * * LOW HITPOINT WARNING * * *
😱 HP[-2] MP[-1]
You take 2 damage, and now have 5/26 hp.
You lost 1 mp, and now have 3/8 mp.
Unknown command.
You hit the adder. The adder bites you.
* * * LOW HITPOINT WARNING * * *
😱 HP[-2]
You take 2 damage, and now have 3/26 hp.
You hit the adder.
The adder is poisoned.
The adder bites you.
You die...

Skill      XL: |  1  2 |
---------------+-------+-----
Spellcasting   | 2 |  2.6
Air Magic      | 2 |  2.3
Throwing       | |  3.6
Conjurations   | |  0.7
Transmutations | |  6.0

Action                     || total
---------------------------++-------
  Melee: Dagger            ||    31
         Punch             ||     1
  Throw: Dart              ||     5
   Cast: Shock             ||    42
 Armour: Robe              ||    15
  Dodge: Dodged            ||    30

Levels and vault maps discovered:
D:1:      psy_arrival_statuary, layout_basic, serial_corexii_hall,
          chequers_hall_statues_wall_a, chequers_hall_statues_y,
          wad_floor_pattern_1, dreamdust_princess_corridor
D:2:      layout_basic, serial_shops, nicolae_shop_trees, minmay_hexomino_f4,
          uniq_robin

Notes
Turn   | Place    | Note
-------+----------+-------------------------------------------
     0 | D:1      | MackTheKnife the Meteoran Wanderer began the quest for the
                  | Orb.
     0 | D:1      | MackTheKnife set off with the following items: a +0 dagger
                  | {short}, 11 poisoned darts {throwing}, a scroll of blinking
                  | {!r}, a +0 robe; and the following spells available to
                  | memorise: Sting, Shock, Spider Form, Ignite Poison,
                  | Mephitic Cloud.
     0 | D:1      | Reached XP level 1. HP: 14/14 MP: 3/3
     0 | D:1      | magus.rc [v1.9.6]
     1 | D:1      | You pick up a book of the Spheres and begin reading...
     1 | D:1      | You add the spells Iskenderun's Battlesphere, Fireball,
                  | Conjure Ball Lightning and Orb of Destruction to your
                  | library.
     4 | D:1      | Learned a level 1 spell: Shock
    76 | D:1      | Reached XP level 2. HP: 12/20 MP: 0/5
    90 | D:1      | Reached skill level 2 in Spellcasting
   111 | D:1      | Reached skill level 2 in Air Magic
   268 | D:1      | Reached XP level 3. HP: 26/26 MP: 1/7
   317 | D:1      | You pick up a book of Iron and begin reading...
   317 | D:1      | You add the spells Animate Armour, Blade Hands and Iron
                  | Shot to your library.
   501 | D:1      | Glimpsed the power of Zot.
   551 | D:1      | Glimpsed the power of Zot.
   593 | D:2      | HP: 6/26 [poisoned by an adder]
   595 | D:2      | Slain by an adder

Vanquished Creatures
  2 endoplasms (D:1)
  A giant cockroach (D:1)
  4 goblins (D:1)
  5 hobgoblins
  2 quokkas (D:1)
  3 ball pythons (D:1)
  3 bats (D:1)
  A kobold (D:1)
  2 rats (D:1)
23 creatures vanquished.

Table legend:
 A = Non-vault XP
 B = Vault XP
 C = Vault XP percentage of total XP
 D = Non-vault monster count
 E = Vault monster count
 F = Vault count percentage of total count
                 A         B        C        D         E       F
            +---------+---------+-------+---------+---------+-------
      Total |      36 |       0 |   0.0 |      23 |       0 |   0.0
            +---------+---------+-------+---------+---------+-------
        D:1 |      34 |       0 |   0.0 |      22 |       0 |   0.0
        D:2 |       2 |       0 |   0.0 |       1 |       0 |   0.0
            +---------+---------+-------+---------+---------+-------

Illustrated notes

Table legend:
 A = Kills in this place as a percentage of kills in entire the game.
 B = Kills by you in this place as a percentage of kills by you in the entire game.
 C = Kills by friends in this place as a percentage of kills by friends in the entire game.
 D = Other kills in this place as a percentage of other kills in the entire game.
 E = Experience gained in this place as a percentage of experience gained in the entire game.
 F = Experience gained in this place divided by the number of levels of this place that you have seen.
                   A       B       C       D       E      F
               +-------+-------+-------+-------+-------+----------------------
         Total | 100.0 | 100.0 |   N/A |   N/A | 100.0 |  18.0
       Dungeon | 100.0 | 100.0 |   N/A |   N/A | 100.0 |  18.0
               +-------+-------+-------+-------+-------+----------------------

Table legend: (Time is in decaauts)
 A = Elapsed time spent in this place.
 B = Non-inter-level travel time spent in this place.
 C = Inter-level travel time spent in this place.
 D = Time resting spent in this place.
 E = Time spent auto-exploring this place.
 F = Levels seen in this place.
 G = Mean time per level.
                   A        B        C        D        E       F      G
               +--------+--------+--------+--------+--------+-----+--------+
         Total |    593 |    564 |     29 |      0 |    365 |   2 |  296.5 |
       Dungeon |    593 |    564 |     29 |      0 |    365 |   2 |  296.5 |
               +--------+--------+--------+--------+--------+-----+--------+

Top non-repeatable levels by time:
     D:1: 578 daAuts
     D:2: 14 daAuts
